Cogmind - Beta 16.1 @@@ ROGUE MODE // 2026.04.22 @ 13:28:31 Player: SunShine214 Result: Destroyed by 1W-5X0(R) with Subdweller Laser Performance ------------- Evolutions (0) 0 Regions Visited (2) 400 Robots Destroyed (21) 105 Value Destroyed (476) 476 Prototype IDs (0) 0 Alien Tech Used (0) 0 Bonus (0) 0 TOTAL SCORE: 981 Bonus ------- None Cogmind --------- Core Integrity 0/250 Matter 290/300 Energy 125/125 System Corruption 0% Temperature Cool (7) Movement Flying (40) Location -10/Subcaves Parts ------- > --- POWER (1) -------- Light Ion Engine > --- PROPULSION (2) --- Flight Unit > --- UTILITY (2) ------ Sensor Array Signal Interpreter > --- WEAPON (2) ------- (None) > --- INVENTORY (5) ---- Light Treads Light Treads Large Storage Unit Beam Cannon Makeshift Hammer Peak State ------------ > --- POWER ------------ Light Ion Engine > --- PROPULSION ------- Flight Unit Flight Unit > --- UTILITY ---------- Sensor Array Signal Interpreter > --- WEAPON ----------- Makeshift Hammer Mining Claw > --- INVENTORY -------- Light Treads Light Treads Large Storage Unit Beam Cannon [Rating: 10] Favorites ----------- Power Light Ion Engine Engine Light Ion Engine Propulsion Light Treads Treads Light Treads Flight Unit Flight Unit Utility Sensor Array Device Sensor Array Storage Medium Storage Unit Processor Signal Interpreter Weapon Small Laser Energy Gun Small Laser Energy Cannon Beam Cannon Impact Weapon Makeshift Hammer Slashing Weapon Mining Claw Build | -11 -10 -10 ------- Run | Yrd Mat Sub Slots Evolved . | . . . Power . | . . . Propulsion . | . . . Utility . | . . . Weapon . | . . . Parts Attached 21 | 8 9 4 Power 3 | 1 2 . Engine 3 | 1 2 . Core . | . . . Reactor . | . . . Propulsion 5 | 2 1 2 Treads 3 | 2 1 . Leg . | . . . Wheel . | . . . Hover . | . . . Flight 2 | . . 2 Utility 8 | 3 4 1 Device 3 | 1 2 . Storage 4 | 2 2 . Processor 1 | . . 1 Hackware . | . . . Protection . | . . . Artifact . | . . . Weapon 5 | 2 2 1 Energy Gun 2 | 2 . . Energy Cannon 1 | . 1 . Ballistic Gun . | . . . Ballistic Cannon . | . . . Launcher . | . . . Special Weapon . | . . . Impact Weapon 1 | . . 1 Slashing Weapon 1 | . 1 . Piercing Weapon . | . . . Special Melee Weapon . | . . . Unidentified Prototypes . | . . . Parts Lost 5 | . 4 1 Power 1 | . 1 . Propulsion 1 | . . 1 Utility 2 | . 2 . Weapon 1 | . 1 . Highest Loss Streak 2 | . 2 1 To Critical Strikes . | . . . Average Backups 6 | 1 8 4 Power . | . . . Propulsion 3 | . 4 2 Utility 1 | . 2 1 Weapon 1 | . 1 1 Tool/Special . | . . . Unused Backups 5 | . . 5 Power . | . . . Propulsion 2 | . . 2 Utility 2 | . . 2 Weapon 1 | . . 1 Tool/Special . | . . . Average Slot Usage (%) 89 | . 91 84 Engine 12 | . 11 14 Treads 19 | . 28 . Flight 8 | . . 26 Device 11 | . 9 14 Storage 9 | . 14 . Processor 3 | . . 12 Energy Gun 10 | . 15 . Energy Cannon 1 | . 2 . Impact Weapon 2 | . . 7 Slashing Weapon 8 | . 8 6 Peak Build Rating 10 | 7 8 10 Average Rating 7 | 5 7 7 On Entrance 5 | . 7 8 Avg Prop Armor Cover (%) . | . . . Naked Turns . | . . . Heaviest Build 36 | 16 36 29 Greatest Support 40 | 40 40 8 Greatest Overweight (x) 3 | . . 3 Average Overweight (x) . | . . . Largest Inventory Capacity 15 | 8 15 15 Average Capacity 8 | 7 10 5 Most Carried 12 | 3 12 11 Average Carried 6 | 1 8 4 Final Capacity 15 | 8 15 5 Final Carried 12 | 2 12 5 Class Distribution -------------------- 85% | Mutant 14% | Scavenger-Mutant Dominant Class ---------------- Mutant | -10/Materials Mutant | -10/Subcaves Resources | -11 -10 -10 ----------- Run | Yrd Mat Sub Matter Collected 405 | 270 65 70 Remotely . | . . . Salvage Created 773 | 179 527 67 Parts 47 | 14 32 1 Haulers Intercepted 1 | . 1 . Recyclers Shooed . | . . . Parts Field Recycled . | . . . Retrieved Matter . | . . . Parts Self-Destructed 14 | . . 14 Prevented . | . . . Parts Restored . | . . . Kills | -11 -10 -10 ------- Run | Yrd Mat Sub Combat Hostiles Destroyed 13 | . 11 2 Melee 2 | . 1 1 Guns 10 | . 10 . Classes Destroyed 7 | 2 4 1 Tunneler 4 | 4 . . Hauler 1 | . 1 . Recycler 2 | 1 1 . Operator 1 | . 1 . Swarmer 3 | . 3 . Grunt 8 | . 8 . Subdweller 2 | . . 2 Best Kill Streak 5 | 3 5 1 Combat Bots Only 4 | . 4 1 Max Kills in Single Turn 1 | 1 1 1 Gunslinging . | . . . Exploded . | . . . Melee 1 | . 1 1 Uniques/NPCs Destroyed . | . . . Combat | -11 -10 -10 -------- Run | Yrd Mat Sub Hostile Shots Fired 84 | . 67 17 Missed 22 | . 15 7 Hits 62 | . 52 10 Projectile 62 | . 52 10 Critical Strikes 1 | . 1 . Damage Taken 788 | . 579 209 Core 260 | . 131 129 Absorbed by Shields . | . . . Core Remaining (%) 100 | 100 . . Volleys Fired 56 | 7 49 . Largest 2 | 2 2 . Hottest 80 | 80 80 . Shots Fired 78 | 14 64 . Gun 78 | 14 64 . Cannon . | . . . Launcher . | . . . Special . | . . . Kinetic . | . . . Thermal 56 | 7 49 . Explosive . | . . . Electromagnetic 22 | 7 15 . Robot Hit Streak 9 | 9 6 . Robot Miss Streak 3 | 1 3 . Penetration Max . | . . . Secondary Targets . | . . . Shots Hit Robots 64 | 10 47 7 Core Hits 26 | 5 20 1 Critical Kills . | . . . Critical Parts Destroyed . | . . . Critical Strikes 1 | . . 1 Smash 1 | . . 1 Melee Attacks 27 | . 9 18 Impact 16 | . . 16 Slashing 11 | . 9 2 Piercing . | . . . Sneak Attacks 1 | . 1 . Combat Hostiles . | . . . Follow-up Attacks . | . . . Damage Inflicted 1175 | 148 707 320 Guns 586 | 112 474 . Cannons . | . . . Explosions 83 | 36 47 . Melee 506 | . 186 320 Ramming . | . . . Kinetic . | . . . Thermal 462 | 68 394 . Explosive . | . . . Electromagnetic 207 | 80 127 . Impact 320 | . . 320 Slashing 186 | . 186 . Piercing . | . . . Highest Corruption . | . . . Average Corruption . | . . . Corruption Purged . | . . . Corruption Blocked . | . . . Overload Shots . | . . . Overflow Damage 82 | . 50 32 Projectiles . | . . . Explosions 21 | . 21 . Melee 61 | . 29 32 Knockbacks 1 | . . 1 Impact 1 | . . 1 Kinetic . | . . . Secondary . | . . . Self-Inflicted Damage 33 | . 33 . Shots 1 | . 1 . Rammed . | . . . Targets Rammed . | . . . Kicked . | . . . Crushed . | . . . Highest Temperature 255 | 54 255 . Average Temperature 77 | 22 102 . Received Heat Transfer 303 | . 249 54 Effects 1 | . 1 . Energy Bleed 1 | . 1 . Siege Activations . | . . . Martial Activations . | . . . Shielding Activations . | . . . Robots Disrupted . | . . . Combat Hostiles . | . . . Robots Corrupted 1 | . . 1 Combat Hostiles 1 | . . 1 Parts Fried 1 | . . 1 Impact Corruptions 3 | . . 3 Robots Melted . | . . . Combat Hostiles . | . . . Parts Melted . | . . . Heat Transferred 925 | 75 850 . Parts Sabotaged . | . . . Parts Stolen . | . . . Parts Stripped . | . . . Power Chain Reactions 2 | 1 1 . Alert | -11 -10 -10 ------- Run | Yrd Mat Sub Maximum Alert Level . | . . . Low Security (%) 100 | 100 100 . Level 1 . | . . . Level 2 . | . . . Level 3 . | . . . Level 4 . | . . . Level 5 . | . . . High Security . | . . . Max Security . | . . . Peak Influence 88 | 10 88 . Initial . | . . . Average 20 | . 22 . Influence Increases 350 | 25 325 . Destroy 0b10 Robot/C 220 | . 220 . Destroy 0b10 Robot/NC 40 | 25 15 . Destroy Leader 52 | . 52 . Successful Hack 20 | . 20 . Disable Machine 15 | . 15 . Destroy Structure 3 | . 3 . Influence Decreases 350 | 25 325 . Time Decay 310 | 25 285 . Lost Part 40 | . 40 . Squads Dispatched 2 | . 2 . Investigation 1 | . 1 . Extermination . | . . . Reinforcement 1 | . 1 . Assault . | . . . Garrison . | . . . Intercept . | . . . Searches Triggered . | . . . Construction Impeded . | . . . Haulers Reinforced . | . . . Active Scanning Responses . | . . . Cargo Convoy Interrupts . | . . . Stealth | -11 -10 -10 --------- Run | Yrd Mat Sub Distress Signals . | . . . Communications Jammed . | . . . Distress Signals . | . . . Times Spotted 26 | . 19 7 Peak Tracking Total 5 | . 5 4 Tactical Retreats 1 | . . 1 Traps | -11 -10 -10 ------- Run | Yrd Mat Sub Traps Triggered 1 | . 1 . Indirectly . | . . . Trap Hack Attempts . | . . . Triggered . | . . . Disarmed . | . . . Reprogrammed . | . . . Reused . | . . . Traps Extracted . | . . . Installed . | . . . Triggered . | . . . Machines | -11 -10 -10 ---------- Run | Yrd Mat Sub Machines Disabled 1 | . 1 . Max in Single Turn 1 | . 1 . Machines Repaired . | . . . Machines Dismantled . | . . . Machines Sabotaged . | . . . Overloaded Fab Kills . | . . . Hacking | -11 -10 -10 --------- Run | Yrd Mat Sub Machines Accessed 6 | . 6 . Terminals 5 | . 5 . Fabricators . | . . . Repair Stations . | . . . Recycling Units 1 | . 1 . Scanalyzers . | . . . Garrison Access . | . . . Total Hacks 9 | . 9 . Successful 6 | . 6 . Failed 3 | . 3 . Catastrophic . | . . . Database Lockouts . | . . . Manual . | . . . Terminals 8 | . 8 . Fabricators . | . . . Repair Stations . | . . . Recycling Units 1 | . 1 . Scanalyzers . | . . . Garrison Access . | . . . Terminal Hacks 5 | . 5 . Branch Access Points 1 | . 1 . Recall Reinforcements 1 | . 1 . Hauler Manifests 3 | . 3 . Fabricator Hacks . | . . . Repair Station Hacks . | . . . Recycling Unit Hacks 1 | . 1 . Retrieve Components 1 | . 1 . Scanalyzer . | . . . Garrison Access Hacks . | . . . Unauthorized Hacks . | . . . Terminals . | . . . Fabricators . | . . . Repair Stations . | . . . Recycling Units . | . . . Scanalyzers . | . . . Garrison Access . | . . . Data Cores Recovered . | . . . Used . | . . . Hacking Detections 3 | . 3 . Full Trace Events . | . . . Feedback Events . | . . . Feedback Blocked . | . . . Robot Schematics Acquired . | . . . Robots Built . | . . . Authchips . | . . . Time . | . . . Total Robot Build Rating . | . . . Part Schematics Acquired . | . . . Parts Built . | . . . Authchips . | . . . Time . | . . . Total Part Build Rating . | . . . Part Studies Acquired . | . . . Parts Repaired . | . . . Time . | . . . Parts Recycled . | . . . Recycled Matter . | . . . Retrieved Matter . | . . . Retrieved Components 10 | . 10 . Parts Scanalyzed . | . . . Part Schematics Acquired . | . . . Parts Damaged . | . . . Bothacking | -11 -10 -10 ------------ Run | Yrd Mat Sub Used RIF Installer . | . . . Robots Hacked . | . . . Non-combat . | . . . Combat . | . . . Robot Hacks Applied . | . . . Relay Couplers Released . | . . . Fabnet Peak Effective % . | . . . Robots Rewired . | . . . Allies Hacked . | . . . Hacks Repelled . | . . . Allies | -11 -10 -10 -------- Run | Yrd Mat Sub Total Allies . | . . . Largest Group . | . . . Highest-Rated Group . | . . . Highest-Rated Ally . | . . . Total Orders . | . . . Ally Attacks . | . . . Total Damage . | . . . Kills . | . . . Allies Corrupted . | . . . Allies Melted . | . . . Intel | -11 -10 -10 ------- Run | Yrd Mat Sub Active Infowar (turns) 879 | 7 376 496 Sensors 719 | . 223 496 Seismic 160 | 7 153 . Robot Analysis Total . | . . . Derelict Logs Recovered 1 | . . 1 Drone Launches . | . . . Drone Recoveries . | . . . Exploration | -11 -10 -10 ------------- Run | Yrd Mat Sub Turns Passed 1745 | 123 1126 496 Spaces Moved 1286 | 57 532 697 Core 3 | 3 . . Treads 586 | 54 532 . Legs . | . . . Wheels . | . . . Hover . | . . . Flight 697 | . . 697 Fastest Speed 37 | 50 160 37 Average Speed 94 | 154 160 39 Slowest Speed 277 | 160 160 277 Overloaded Moves . | . . . Propulsion Burnouts . | . . . Robots Hopped . | . . . Potential Cave-ins . | . . . Cave-ins Triggered . | . . . Exploration Rate (%) 38 | 3 69 43 Regions Visited 2 Branch Regions 1 Pre-discovered Areas 1 | . . 1 Known Exits Taken . | . . . Unknown Exits Taken 2 | 1 1 . Scrap Searched 1 | . . 1 Spaces Dug 3 | . . 3 Terrain Destroyed 5 | . 2 3 Melee 3 | . . 3 Projectile . | . . . AOE 2 | . 2 . Terrain Rammed . | . . . Walls Destroyed . | . . . Machines Disabled . | . . . Actions | -11 -10 -10 --------- Run | Yrd Mat Sub Total 1701 | 75 723 903 Wait 282 | . 114 168 Move 1284 | 56 531 697 Hop . | . . . Pick Up 11 | 2 9 . Fast Attach 12 | 8 3 1 Attach 4 | . 2 2 Detach 7 | 1 1 5 Swap 6 | . 4 2 Drop 12 | 1 1 10 Fire 56 | 7 49 . Melee 27 | . 9 18 Ram . | . . . Kick . | . . . Crush . | . . . Escape Stasis . | . . . Rewire . | . . . Trap . | . . . Miscellaneous . | . . . Route ------- -11/Scrapyard -10/Materials (discovered 5 exits: [*Mat x2] / *Min x2 / [*Sub]) -10/Subcaves (discovered 2 exits: *Mat x2) History --------- Turn | Location | Event 25 | -11/Scrapyard | Discovered new exit (range 15) 124 | -11/Scrapyard | Entered Materials 322 | -10/Materials | Build established: Mutant 733 | -10/Materials | Core integrity fell below 50% 814 | -10/Materials | Discovered new exit (range 14) 943 | -10/Materials | Identified exit to Mines 1075 | -10/Materials | Discovered new exit (range 9) 1227 | -10/Materials | Discovered new exit (range 8) 1250 | -10/Materials | Entered Subcaves 1251 | -10/Subcaves | Approached by a straggling Scientist 1279 | -10/Subcaves | Discovered new exit (range 12) 1284 | -10/Subcaves | Identified exit to Materials 1302 | -10/Subcaves | Learned location of Zion (-6) 1459 | -10/Subcaves | Shifting Twisted Machinery released Mak. Hammer 1473 | -10/Subcaves | Shifting Twisted Machinery released Sub. Power Source 1630 | -10/Subcaves | A Subdweller sparked back to life 1630 | -10/Subcaves | A Subdweller sparked back to life 1645 | -10/Subcaves | Discovered exit to Materials (range 12) 1675 | -10/Subcaves | A swath of the cavern ceiling suddenly collapsed 1695 | -10/Subcaves | Ambushed by Subdwellers from Twisted Machinery 1722 | -10/Subcaves | Core integrity fell below 20% 1746 | -10/Subcaves | Destroyed by 1W-5X0(R) with Subdweller Laser Last Messages --------------- 01645_ EXIT=FOUND: MATERIALS A swath of the cavern ceiling suddenly collapses. 01695_ 7L-K3U(R) emerges from the Twisted Machinery. 01705_ Searching scrap... 01705_ Found Battle Rifle. 01705_ Found Sub. Laser. 01705_ Found 63 Matter. 01719_ Flight Unit destroyed. 01738_ Destroyed Disposable Heat Sink. 01738_ 04-8NT(R) system corrupted by crushing effect. 01740_ 04-8NT(R) suffers critical hit (Smash). 01741_ 04-8NT(R) misfires. 01742_ Destroyed Sub. Power Source. 01742_ 04-8NT(R) system corrupted by crushing effect. 01743_ 04-8NT(R) system terminally corrupted. 01743_ Sub. Optics fried. Map ----- +----------------------------------------------------+ | | | | | | | | | | | | | ?????????????????????????????????????????????????? | | ?????????????????????????????????????????????????? | | ?????????????????????????????????????????????????? | | ?????????????????????????????????????????????????? | | ?????????????????????????????????????????????????? | | ?????????????????????????????????????????????????? | | ????????????????????????????????????????????????? | | ???????????????????????????????????????????????? " | | ???????????????????????????????????????????????# | | ?????????????????????????????????????????????? ? | | ???????????????????????????????????????#?##### "?? | | ???????????????????????????????????????? # ??? | | ????????????????????????????????????????? ##??? | | ?????????????????????????????????????????## "#??? | | ????????????????????????????????######?###" "###? | | ???????????##????##???###???????# ## ### " ## | | ???????????# # ## ####????# # | | ??????????# ##;% ##???# ######### | | ????????????# #""& #??## #### ## | | ????????????????## ######@ ##?## ## | | ????????????????????????##R#### | | ?????????????????????????#R# # | | ?????????????????????????# | | ???????????????????????###X# ### | | ??????????????????????## ####?## ## | | ??????????????????????# ##????# #### ## | | ??????????????????????## ####?####??#### #### | | ???????????????????????# ##????????# % ##??## | | ??????????????????????## #????????#####????# | | ??????????????????????# #?????????????????# | | ?#########?????####?### #?????????????????? | | ?#"# ##[%#????## #?# ##?????????????????? | | ?# " " [# #???# #?## ##??????????????????? | | ## "" ####### ### ##???????????????????? | | # ## """# # ##????????????????????? | | # ######## ## ##????????????????????? | | ## #????## ## ###??????????????????? | | ?# ##????# #??????????????????? | | ?# "#?????# ##??????????????????? | | ?# ####### ##??????????????????? | | ?## #""#"# #??????????????????? | | ?# "" "" #??????????????????? | | ?## " ## #??????????????????? | | ??# ##" ## #??????????????????? | +----------------------------------------------------+ Best States ------------- Heat Dissipation 35 Energy Generation 10 Energy Capacity 125 Matter Stores 300 Matter Capacity 300 Sight Range 16 Robot Scan Range 14 Terrain Scan Density 10 Evasion (%) 62 Recoil Reduction 2 Item Schematics ----------------- None Robot Schematics ------------------ None Fabricated ------------ Nothing Repaired ---------- Nothing Studied --------- None Alien Tech Used ----------------- None Achievements -------------- None Challenges ------------ None Game ------ Seed BeamCloakLeg Manual? 0 Play Time 00:17:48 Cumulative 151.9 hours Start 2026.04.22 @ 13:15:10 End 2026.04.22 @ 13:28:31 Sessions 1 Manual Loads 0 Difficulty Rogue Special Mode None Game No. 234 Rogue 234 Adventurer 0 Explorer 0 Win Type - Total 1 Types 1/0/0/0/0/0/0/0/0/0 Lore% 53 Gallery% 56 Achievement% 42 Wizard Run 0 Options --------- Layout 1 ASCII 0 Keyboard 1 Movement Arrows Keybinds 0 Fullscreen 1 Font 24/Smallcaps Map View 50x35 Zoom Use 0% Tactical HUD 1 Map Filters NONE Filters NONE Steam 1 RUN: a9323463-7a84-4175-900b-8f8df7f1c23d